 Dungeon Crawl Stone Soup version 0.29-a0-275-g389c0b56f3 (webtiles) character file.

Game seed: 17887071806579547418

45 jlumianski the Chopper (level 3, -9/35 HPs)
             Began as a Troll Gladiator on Mar 11, 2022.
             Mangled by an iguana (11 damage)
             ... on level 2 of the Dungeon.
             The game lasted 00:10:02 (1598 turns).

jlumianski the Chopper (Troll Gladiator)            Turns: 1598, Time: 00:10:02

Health: -9/35      AC:  4    Str: 24    XL:     3   Next: 42%
Magic:  2/2        EV: 10    Int:  4    God:
Gold:   101        SH:  0    Dex: 11    Spells: 2/2 levels left

rFire   . . .      SeeInvis .   a - +0 war axe
rCold   . . .      Faith    .   (no shield)
rNeg    . . .      Spirit   .   b - +0 robe
rPois   .          Reflect  .   c - +0 hat
rElec   .          Harm     .   (no cloak)
rCorr   .          Rampage  .   (gloves unavailable)
Will    .....                   (boots unavailable)
Stlth   +.........              (no amulet)
HPRegen 0.91/turn               (no ring)
MPRegen 0.08/turn               (no ring)

@: no status effects
A: large, unfitting armour, claws 3, regeneration 1, shaggy fur 1, tough skin 1
a: no special abilities


You were on level 2 of the Dungeon.
You visited 1 branch of the dungeon, and saw 3 of its levels.

You collected 101 gold pieces.

Inventory:

Hand Weapons
 a - a +0 war axe (weapon)
 n - the +2 whip of Fimbulwinter {drain, rN+ SInv}
   (You found it on level 2 of the Dungeon)

   A truly terrible weapon, it drains the life of any living foe it strikes.
   rN:        It protects you from negative energy.
   SInv:      It lets you see invisible.
Missiles
 d - 3 throwing nets (quivered)
 e - a large rock
 g - 52 stones
 h - 4 boomerangs
Armour
 b - a +0 robe (worn)
 c - a +0 hat (worn)
Magical Staves
 l - a staff of conjuration
Scrolls
 i - 4 scrolls of identify {unknown}
 j - a scroll of fear {unknown}
 m - a scroll of noise {unknown}
Potions
 f - a potion of mutation {unknown}
 k - 2 potions of curing {unknown}
 o - a potion of degeneration {unknown}


   Skills:
 + Level 1.9 Fighting
 + Level 3.0 Axes
 + Level 1.8 Throwing
 + Level 2.8 Dodging
 + Level 0.3 Stealth


You had 2 spell levels left.
You didn't know any spells.
Your spell library contained the following spells:

 Spells                   Type           Power      Damage    Failure   Level
 Blink                    Tloc           0%         N/A       65%         2
 Lesser Beckoning         Tloc           0%         N/A       86%         3
 Fireball                 Conj/Fire      0%         3d3       100%        5
 Iskenderun's Battlesphe  Conj           0%         2d6       100%        5
 Manifold Assault         Tloc           0%         N/A       100%        5
 Conjure Ball Lightning   Conj/Air       0%         3x3d6     100%        6
 Orb of Destruction       Conj           0%         9d5       100%        7


Dungeon Overview and Level Annotations

Branches:
Dungeon (3/15)

Altars:

Annotations:
D:3 Robin


Innate Abilities, Weirdness & Mutations

You are too large for most types of armour.
You have claws for hands.
Your natural rate of healing is unusually fast.
You are covered in fur. (AC +1)
You have tough skin. (AC +1)


Message History

You hear a shout!
The iguana attacks as you move away! The iguana closely misses you.
The iguana attacks as you move away! The iguana bites you!
* * * LOW HITPOINT WARNING * * *
A goblin comes into view. It is wielding a +0 club.
Robin says, "My army is invincible!"
Robin points. "Kill!"
The iguana attacks as you move away! The iguana closely misses you.
The iguana attacks as you move away! The iguana bites you!
* * * LOW HITPOINT WARNING * * *
The iguana attacks as you move away! The iguana closely misses you.
The iguana attacks as you move away! The iguana closely misses you.
Robin roars a battlecry!
You hear a shout!
The iguana attacks as you move away! The iguana closely misses you.
The iguana attacks as you move away! The iguana bites you.
The iguana attacks as you move away! The iguana barely misses you.
There is a stone staircase leading up here.
The iguana barely misses you.
You climb upwards.
There is a stone staircase leading down here.
Items here: ))) [ †.
The iguana attacks as you move away! The iguana bites you.
The iguana attacks as you move away! The iguana bites you.
The iguana attacks as you move away! The iguana bites you.
The iguana attacks as you move away! The iguana completely misses you.
The iguana bites you!
* * * LOW HITPOINT WARNING * * *
The iguana attacks as you move away! The iguana closely misses you.
You hit the iguana.
The iguana is severely wounded.
The iguana closely misses you.
You barely miss the iguana.
The iguana is severely wounded.
The iguana bites you.
* * * LOW HITPOINT WARNING * * *
The iguana bites you!
* * * LOW HITPOINT WARNING * * *
The iguana attacks as you move away! The iguana bites you!
You die...

#######....##.)##.# #.#
#..........#...#.#######.#
#.####.....##..#.#.......#
#.# #.###.##..#.#.#######
##.# #.# #.#####.#.# .#.#
#.# #.#.....#.#
##.####.###.#.###.#.#
##........#.#.#####.#
##.##.#.#.#.#...@l..#
.#.##.#.#.......#####
##.##.#.#.#...#.#
....#.#....≈..#.#
#####.#.......#.#
....#.#..≈....#.#
....#.>....≈.†..#
########..≈...### #...[..#


You could see an iguana.

Vanquished Creatures
  5 orcs
  2 endoplasms
  A giant cockroach (D:1)
  2 goblins (D:2)
  6 hobgoblins
  4 quokkas
  3 ball pythons
  3 bats
  3 frilled lizards (D:1)
  3 kobolds
  4 rats
36 creatures vanquished.

Notes
Turn   | Place    | Note
-------+----------+-------------------------------------------
     0 | D:1      | jlumianski the Troll Gladiator began the quest for the Orb.
     0 | D:1      | Reached XP level 1. HP: 19/19 MP: 0/0
    28 | D:1      | Found a faded altar of an unknown god.
   301 | D:1      | Reached XP level 2. HP: 24/28 MP: 1/1
  1062 | D:2      | Reached XP level 3. HP: 32/35 MP: 2/2
  1080 | D:2      | Identified the +2 whip of Fimbulwinter {drain, rN+ SInv}
  1466 | D:2      | Reached skill level 3 in Axes
  1549 | D:3      | Noticed Robin
  1561 | D:3      | HP: 1/35 [iguana (12)]
  1598 | D:2      | Mangled by an iguana

Illustrated notes

Levels and vault maps discovered:
D:1:      dpeg_arrival_line_fractal, layout_loops_cross,
          hellmonk_ecumenical_altar_heavens_door,
          wander_ebering_terrifying_dragon_lair
D:2:      layout_basic, chequers_serial_rivers_micro_c
D:3:      layout_loops_ring, gammafunk_temple_overflow_pools, uniq_robin

Skill      XL: |  1  2  3 |
---------------+----------+-----
Axes           | 3 |  3.0
Fighting       | |  1.9
Throwing       | |  1.8
Dodging        | |  2.8
Stealth        | |  0.3

Action                   || total
-------------------------++-------
Melee: War axe           ||   114
       Punch             ||     1
 Stab: Sleeping          ||     2
Armor: Robe              ||    44
Dodge: Dodged            ||    82

Table legend: (Time is in decaauts)
 A = Elapsed time spent in this place.
 B = Non-inter-level travel time spent in this place.
 C = Inter-level travel time spent in this place.
 D = Time resting spent in this place.
 E = Time spent auto-exploring this place.
 F = Levels seen in this place.
 G = Mean time per level.
                   A        B        C        D        E       F      G
               +--------+--------+--------+--------+--------+-----+--------+
         Total |   1643 |   1609 |     34 |     10 |    959 |   3 |  547.7 |
       Dungeon |   1643 |   1609 |     34 |     10 |    959 |   3 |  547.7 |
               +--------+--------+--------+--------+--------+-----+--------+

Top non-repeatable levels by time:
     D:1: 732 daAuts
     D:2: 682 daAuts
     D:3: 229 daAuts
